 Dungeon Crawl Stone Soup version 0.30-a0-696-g2367cd04db (webtiles) character file.

Game seed: 18050277666177909859

24 wormed the Caller (level 2, -1/14 (19) HPs)
             Began as a Demonspawn Summoner on Jan 20, 2023.
             Slain by an endoplasm (2 damage)
             ... on level 2 of the Dungeon.
             The game lasted 00:01:53 (1404 turns).

wormed the Caller (Demonspawn Summoner)             Turns: 1404, Time: 00:01:53

HP:   -1/14 (19)    AC:  2    Str:  8    XL:     2   Next: 79%
MP:   4/5           EV: 12    Int: 16    God:
Gold: 92            SH:  0    Dex: 13    Spells: 4/5 levels left

rFire   . . .      SeeInvis .    (no weapon)
rCold   . . .      Faith    .    (no shield)
rNeg    . . .      Spirit   .    a - +0 robe
rPois   .          Reflect  .    (no helmet)
rElec   .          Harm     .    (no cloak)
rCorr   .          Rampage  .    (no gloves)
Will    .....                    (no boots)
Stlth   ++                       (no amulet)
HPRegen 0.22/turn                (no ring)
MPRegen 0.09/turn                (no ring)

@: very heavily drained
A: powered by pain 1
a: no special abilities


You were on level 2 of the Dungeon.
You visited 1 branch of the dungeon, and saw 2 of its levels.

You collected 92 gold pieces.

Inventory:

Armour
 a - a +0 robe (worn)
Scrolls
 c - a scroll of silence {unknown}
 d - 2 scrolls of identify {unknown}
 e - a scroll of immolation {unknown}
 f - 2 scrolls of teleportation {unknown}
 g - a scroll of magic mapping {unknown}
Potions
 b - a potion of magic
 h - a potion of curing {unknown}
 i - a potion of mutation {unknown}


   Skills:
 - Level 1.7 Dodging
 - Level 1.7 Stealth
 + Level 2.4 Spellcasting
 + Level 1.3 Hexes
 + Level 4.3 Summonings


You had 4 spell levels left.
You knew the following spells:

 Your Spells              Type           Power      Damage    Failure   Level
a - Summon Small Mammal   Summ           60%        N/A       3%          1

Your spell library contained the following spells:

 Spells                   Type           Power      Damage    Failure   Level
 Call Imp                 Summ           15%        N/A       5%          2
 Call Canine Familiar     Summ           15%        N/A       11%         3
 Summon Guardian Golem    Hex/Summ       10%        N/A       19%         3
 Summon Lightning Spire   Summ/Air       8%         N/A       63%         4


Dungeon Overview and Level Annotations

Branches:
Dungeon (2/15)

Altars:


Innate Abilities, Weirdness & Mutations

You sometimes gain a little power by taking damage.


Message History

Your bat barely misses the kobold.
The kobold hits your bat with a +0 short sword of draining.
Your bat dies!
Your bat's corpse disappears in a puff of smoke!
An endoplasm comes into view.
The kobold closely misses your bat.
Your bat hits the kobold but does no damage.
Your bat hits the kobold but does no damage.
Your bat closely misses the kobold.
The kobold barely misses you.
Your bat misses the kobold.
Your bat barely misses the kobold.
The kobold hits you with a +0 short sword of draining.
You feel drained.
Your bat barely misses the kobold.
The kobold hits you with a +0 short sword of draining.
You feel drained.
Your bat hits the kobold. The endoplasm freezes you.
You are frozen.
The kobold misses you.
Your bat hits the endoplasm. The kobold hits you but does no damage.
You feel drained. The endoplasm freezes you.
You are frozen.
Your bat hits the endoplasm.
The kobold hits you with a +0 short sword of draining.
You feel drained. The endoplasm freezes you.
You are frozen.
* * * LOW HITPOINT WARNING * * *
Your bat hits the kobold but does no damage.
Your bat hits the endoplasm. The kobold barely misses you.
Your bat hits the endoplasm.
Your bat barely misses the kobold.
The kobold closely misses you.
Your bat hits the kobold but does no damage.
Your bat closely misses the kobold.
The endoplasm hits your bat.
The kobold hits you with a +0 short sword of draining.
* * * LOW HITPOINT WARNING * * *
You feel drained.
* * * LOW HITPOINT WARNING * * *
Your bat hits the endoplasm but does no damage.
Your bat hits the endoplasm. The endoplasm hits you.
You die...

....###..#######.
#.......#..........###
#........#...##...#.#
#.........#..##.r#..#
#..........#...r#...#
###...........#..#....#
...........##..##..##.#
.......KJ..##..##..##.#
...$...@.#....#..#....##
.......b.....#....#...>)
............#..##..#)^..
...........#...##...#...
...>.....##..........#..
#...#...########.##.##..
######### #........
#######.. ###


You could see an endoplasm (ally target), a kobold and a friendly bat
(summoned).

Vanquished Creatures (collateral kills)
  A dart slug (D:1)
  2 ball pythons (D:1)
  4 bats (D:1)
  2 endoplasms (D:1)
  4 giant cockroaches (D:1)
  A quokka (D:1)
  3 frilled lizards (D:1)
  A goblin (D:2)
  2 kobolds
  A rat (D:2)
21 creatures vanquished.

Notes
Turn   | Place    | Note
-------+----------+-------------------------------------------
     0 | D:1      | wormed the Demonspawn Summoner began the quest for the Orb.
     0 | D:1      | Reached XP level 1. HP: 13/13 MP: 3/3
   501 | D:1      | Gained mutation: You sometimes gain a little power by
                  | taking damage. [demonic ancestry]
   501 | D:1      | Reached XP level 2. HP: 17/19 MP: 3/5
   558 | D:1      | Reached skill level 1 in Hexes
  1404 | D:2      | Slain by an endoplasm

Illustrated notes

Levels and vault maps discovered:
D:1:      evilmike_arrival_hilbert_curve, layout_loops_ring
D:2:      layout_rooms, shapermc_ecumenical_altar_acropolis, minivault_26

Skill      XL: |  1  2 |
---------------+-------+-----
Hexes          | 1 |  1.3
Dodging        | |  1.7
Stealth        | |  1.7
Spellcasting   | |  2.4
Summonings     | |  4.3

Action                   || total
-------------------------++-------
Melee: Unarmed           ||    25
 Cast: Summon Small Mamm ||    46
Armor: Robe              ||    13
Dodge: Dodged            ||    38

Table legend: (Time is in decaauts)
 A = Elapsed time spent in this place.
 B = Non-inter-level travel time spent in this place.
 C = Inter-level travel time spent in this place.
 D = Time resting spent in this place.
 E = Time spent auto-exploring this place.
 F = Levels seen in this place.
 G = Mean time per level.
                   A        B        C        D        E       F      G
               +--------+--------+--------+--------+--------+-----+--------+
         Total |   1403 |   1361 |     42 |      0 |   1022 |   2 |  701.5 |
       Dungeon |   1403 |   1361 |     42 |      0 |   1022 |   2 |  701.5 |
               +--------+--------+--------+--------+--------+-----+--------+

Top non-repeatable levels by time:
     D:1: 1281 daAuts
     D:2: 122 daAuts
